 Seeded DCSS version 0.29.0-10-g45618ea6d2 (webtiles) character file.

Game seed: 16125079030451531908 (custom seed)

384 NinjaNoafa the Ducker (level 6, -1/47 HPs)
             Began as a Merfolk Gladiator on Sept 1, 2022.
             Killed by divine providence
             ... invoked by an orc priest
              (12 damage)
             ... on level 4 of the Dungeon.
             The game lasted 00:09:33 (3248 turns).

NinjaNoafa the Ducker (Merfolk Gladiator)           Turns: 3248, Time: 00:09:34

Health: -1/47      AC: 11    Str: 14    XL:     6   Next: 77%
Magic:  9/9        EV: 18    Int:  7    God:
Gold:   133        SH:  0    Dex: 18    Spells: 9/9 levels left

rFire   . . .      SeeInvis .   a - +1 long sword
rCold   . . .      Faith    .   (no shield)
rNeg    . . .      Spirit   .   b - +0 leather armour
rPois   .          Reflect  .   c - +0 helmet
rElec   .          Harm     .   q - +0 cloak
rCorr   .          Rampage  .   (no gloves)
Will    .....                   A - +1 pair of boots
Stlth   ++........              (no amulet)
HPRegen 0.15/turn               o - +4 ring of evasion
MPRegen 0.11/turn               C - +4 ring of protection

@: brilliant, attractive
A: (nimble swimmer 2), mertail
a: no special abilities


You were on level 4 of the Dungeon.
You visited 1 branch of the dungeon, and saw 4 of its levels.

You collected 133 gold pieces.

Inventory:

Hand Weapons
 a - a +1 long sword (weapon)
Missiles
 d - 3 throwing nets
 e - 4 javelins (quivered)
 f - 14 stones
 g - 10 poisoned darts
 p - 4 atropa-tipped darts
Armour
 b - a +0 leather armour (worn)
 c - a +0 helmet (worn)
 q - a +0 cloak (worn)
 A - a +1 pair of boots (worn)
Jewellery
 o - a +4 ring of evasion (left hand)
 u - a ring of positive energy
 v - a ring of ice
 C - a +4 ring of protection (right hand)
Scrolls
 h - 4 scrolls of enchant weapon
 i - a scroll of torment
 j - a scroll of summoning
 k - a scroll of fear
 s - a scroll of poison
 B - a scroll of fog {unknown}
 D - a scroll of vulnerability {unknown}
 E - a scroll of magic mapping {unknown}
Potions
 r - a potion of flight
 w - a potion of mutation {unknown}
 x - 2 potions of lignification {unknown}
 z - 2 potions of might {unknown}


   Skills:
 - Level 3.0 Fighting
 - Level 5.0 Long Blades
 + Level 3.0 Throwing
 - Level 5.0 Dodging
 - Level 3.3 Stealth
 + Level 2.1 Spellcasting
 + Level 3.0 Transmutations


You had 9 spell levels left.
You didn't know any spells.
Your spell library contained the following spells:

 Spells                   Type           Power      Damage    Failure   Level
 Ignite Poison            Fire/Tmut/Pois 3%         N/A       67%         3
 Conjure Flame            Conj/Fire      1%         6-21      82%         3
 Sticky Flame             Conj/Fire      1%         2d3       99%         4


Dungeon Overview and Level Annotations

Branches:
Dungeon (4/15)
 Temple: D:4-7

Altars:

Shops:
D:2 :


Innate Abilities, Weirdness & Mutations

((You are very nimble when in or above water. (Stealth+, EV+, Speed+++)))
Your lower body shifts to a powerful aquatic tail in water.


Message History

You see here a +0 cloak.
q - a +0 cloak
Okay, then.
You start putting on your armour.
You continue putting on your +0 cloak. x4
You finish putting on your +0 cloak.
You open the door.
There is an open door here.
Found a stone staircase leading up.
You see here an adder corpse.
The orc shouts!
An orc comes into view. It is wielding a +0 mace.
The orc closely misses you. The orc misses you.
The orc priest shouts!
The orc misses you. x2
You hit the orc.
The orc is heavily wounded.
The orc hits you but does no damage.
The orc zaps a wand.
Your mind is blasted!
The orc priest mumbles some strange prayers to Beogh against you.
Beogh smites you!
You hit the orc but do no damage.
The orc is heavily wounded.
The orc hits you but does no damage.
The orc zaps a wand.
Your mind is blasted!
You feel much better. The orc misses you. The orc closely misses you.
The orc zaps a wand.
Your mind is blasted!
It was a potion of attraction.
You feel attractive to monsters.
The orc priest calls down the wrath of Beogh upon you.
Beogh smites you! The orc hits you with a +0 trident.
The orc closely misses you. The orc misses you.
It was a potion of brilliance.
You feel clever all of a sudden.
The orc zaps a wand.
Your mind is blasted!
The orc priest looks satisfied for a moment.
The orc misses you.
It was a potion of curing.
You feel better. The orc closely misses you.
The orc zaps a wand.
Your mind is blasted!
* * * LOW HITPOINT WARNING * * *
The orc priest mumbles some strange prayers to Beogh against you.
Beogh smites you!
You die...

### # #### ...... .# . ...#
#..##.# #.## . ...########...#.#
#...## ...'.......#..#.####.....#
...#######.#..#..........
...'.....#.#...........#######
...'####.#......o.o........... .
...........#....@o..........# ..
.....#######.†..o.†.........##...
...............................
............................#
............................#
.............#....).....†...##.
.............#......[...........
#............#..............####
#<........)###..............#


You could see an orc priest and 3 orcs.

Vanquished Creatures
  Sigmund (D:3)
  A scorpion (D:4)
  An orc wizard (D:3)
  Robin (D:4)
  4 adders (D:4)
  A worm (D:3)
  4 dart slugs
  6 orcs (D:3)
  7 endoplasms
  3 giant cockroaches
  9 goblins
  13 hobgoblins
  5 kobolds
  4 quokkas
  7 ball pythons
  2 bats
  2 frilled lizards
  5 rats
76 creatures vanquished.

Notes
Turn   | Place    | Note
-------+----------+-------------------------------------------
     0 | D:1      | NinjaNoafa the Merfolk Gladiator began the quest for the
                  | Orb.
     0 | D:1      | Reached XP level 1. HP: 16/16 MP: 1/1
   418 | D:1      | Reached XP level 2. HP: 23/23 MP: 2/2
   501 | D:1      | Found a faded altar of an unknown god.
   876 | D:1      | Reached skill level 1 in Stealth
  1008 | D:2      | Reached XP level 3. HP: 27/28 MP: 3/3
  1636 | D:2      | Found Isoel's Book Shop.
  1983 | D:3      | Upgraded the game from 0.29.0-7-g18a832c13a to
                  | 0.29.0-10-g45618ea6d2
  2004 | D:3      | Noticed Sigmund
  2021 | D:3      | Killed Sigmund
  2022 | D:3      | Reached skill level 5 in Long Blades
  2022 | D:3      | Reached skill level 5 in Dodging
  2022 | D:3      | Reached XP level 4. HP: 35/35 MP: 4/4
  2022 | D:3      | Reached XP level 5. HP: 41/41 MP: 5/5
  2447 | D:3      | Reached skill level 1 in Transmutations
  2447 | D:3      | Reached XP level 6. HP: 45/47 MP: 5/7
  2541 | D:3      | Reached skill level 1 in Spellcasting
  2947 | D:4      | Noticed Robin
  2963 | D:4      | Killed Robin
  3248 | D:4      | Killed from afar by an orc priest

Illustrated notes

Levels and vault maps discovered:
D:1:      dpeg_arrival_pond, layout_basic,
          shapermc_ecumenical_altar_starsandcircs
D:2:      layout_basic, serial_shops, shop
D:3:      layout_basic, uniq_sigmund
D:4:      cheibrodos_barr_body, layout_basic, uniq_robin

Skill      XL: |  1  2  3  4  5  6 |
---------------+-------------------+-----
Stealth        | 1 3 |  3.3
Long Blades    | 5 |  5.0
Fighting       | 3 |  3.0
Throwing       | 3 |  3.0
Dodging        | 5 |  5.0
Transmutations | 1 3 |  3.0
Spellcasting   | 2 |  2.1

Action                   |  1- 3 |  4- 6 || total
-------------------------+-------+-------++-------
Melee: Long sword        |    90 |    71 ||   161
Throw: Dart              |     1 |       ||     1
       Stone             |       |     8 ||     8
       Javelin           |       |     3 ||     3
  Use: Scroll            |     4 |     6 ||    10
       Potion            |     1 |     4 ||     5
 Stab: Sleeping          |     1 |     2 ||     3
Armor: Leather armour    |    17 |    22 ||    39
Dodge: Dodged            |    68 |    72 ||   140
